 Dungeon Crawl Stone Soup version 0.17-a0-1380-gc4949c2 (webtiles) character file.

67 Kisielow the Poker (level 4, -6/33 HPs)
             Began as a Merfolk Skald on June 15, 2015.
             Killed by divine providence
             ... invoked by an orc priest
              (10 damage)
             ... on level 2 of the Dungeon.
             The game lasted 00:03:56 (2208 turns).

Kisielow the Poker (Merfolk Skald)                  Turns: 2208, Time: 00:03:57

Health: -6/33      AC:  6    Str: 12    XL:     4   Next: 18%
Magic:  7/7        EV: 11    Int: 12    God:
Gold:   66         SH:  0    Dex: 13    Spells: 3 memorised, 1 level left

rFire  . . .     SeeInvis .     a - +1 spear
rCold  . . .     Clarity  +     b - +0 leather armour
rNeg   . . .     SustAt   .     (no shield)
rPois  .         Gourm    .     p - +1 helmet
rElec  .         Spirit   .     (no cloak)
rCorr  .         Warding  .     (no gloves)
rMut   .         Stasis   .     m - +0 pair of boots
MR     .....                    e - amulet of clarity
Stlth  +.........               (no ring)
                                n - ring of wizardry

@: not resistant to hostile enchantments, very unstealthy
A: change form in water, swift swim
a: no special abilities


You were on level 2 of the Dungeon.
You were very hungry.

You visited 1 branch of the dungeon, and saw 3 of its levels.

You collected 66 gold pieces.

Inventory:

Hand weapons
 a - a +1 spear (weapon)
Armour
 b - a +0 leather armour (worn)
 m - a +0 pair of boots (worn)
 p - a +1 helmet (worn)
Jewellery
 e - an amulet of clarity (around neck)
 n - a ring of wizardry (left hand)
Potions
 l - a potion of degeneration {unknown}
 t - a potion of flight
Books
 c - a book of Battle

   Spells                             Type                      Level
   a - Infusion                       Charms                       1
   b - Shroud of Golubria             Charms/Translocation         2
   c - Song of Slaying                Charms                       2
   d - Spectral Weapon                Hexes/Charms                 3
   e - Regeneration                   Charms/Necromancy            3
Comestibles
 d - 2 bread rations
 j - 3 meat rations
 r - a slice of pizza
 s - a royal jelly


   Skills:
 - Level 2.1 Fighting
 * Level 5.6 Polearms
 - Level 0.6 Armour
 - Level 1.3 Dodging
 - Level 2.0 Spellcasting
 + Level 3.9 Charms


You had one spell level left.
You knew the following spells:

 Your Spells              Type           Power        Failure   Level  Hunger
a - Infusion              Chrm           ##....       4%          1    ##.....
q - Regeneration          Chrm/Necr      #.........   28%         3    ####...
w - Shroud of Golubria    Chrm/Tloc      #.........   12%         2    ###....


Dungeon Overview and Level Annotations

Branches:
Dungeon (3/15)

Altars:


Message History

The orc priest hits you with a flail.
* * * LOW HITPOINT WARNING * * *
You hit the orc priest but do no damage.
The orc priest is heavily wounded.
The orc hits you but does no damage.
You are feeling very hungry.
You hit the orc priest.
The orc priest is heavily wounded.
The orc priest closely misses you. The orc closely misses you.
You closely miss the orc priest.
The orc priest is heavily wounded.
The orc priest closely misses you.
You hit the orc priest but do no damage.
The orc priest is heavily wounded.
The orc barely misses you.
You hit the orc priest but do no damage.
The orc priest is heavily wounded.
The orc priest mumbles some strange prayers to Beogh against you.
Something smites you!
You die...

### #.....# ..#
##..### #.# ##.## #.#
#..####### #.#
#######........# #.#
#..............#
#.#####.#####........#
.......<# #))#.#).##
...###### #...@o..#
.#..#########..#o#..#
....................#
#.##########........#
#.# #......### ..#
######## ###


You could see an orc priest and an orc.

Vanquished Creatures
  3 adders (D:2)
  A giant gecko (D:1)
  An orc (D:2)
  A giant cockroach (D:2)
  4 goblins (D:2)
  6 hobgoblins
  8 jackals
  4 bats
  3 giant newts
  2 kobolds (D:1)
  A quokka (D:2)
  3 rats
37 creatures vanquished.

Notes
Turn   | Place    | Note
--------------------------------------------------------------
     0 | D:1      | Kisielow the Merfolk Skald began the quest for the Orb.
     0 | D:1      | Reached XP level 1. HP: 16/16 MP: 3/3
   115 | D:1      | Reached XP level 2. HP: 19/22 MP: 5/5
   694 | D:2      | Reached skill level 4 in Polearms
   699 | D:2      | Reached XP level 3. HP: 27/27 MP: 6/6
   732 | D:2      | Found a faded altar to an unknown god.
  1162 | D:2      | Learned a level 3 spell: Regeneration
  1165 | D:2      | Learned a level 2 spell: Shroud of Golubria
  1276 | D:2      | Reached skill level 5 in Polearms
  1405 | D:2      | Reached XP level 4. HP: 17/33 MP: 7/7
  2208 | D:2      | Killed from afar by an orc priest

Vault maps used:
D:1:      minmay_arrival_glassed_features, st_stairs_12, minmay_statues_item,
          minmay_misc_feat_diagonals
D:2:      ecumenical_altar_1, first_bread, st_stairs_14
D:3:      gammafunk_temple_overflow_statue, due_unseen_surprise

Action                   |  1- 3 |  4- 6 || total
-------------------------+-------+-------++-------
Melee: Spear             |   197 |    44 ||   241
 Cast: Shroud of Golubri |       |     1 ||     1
  Use: Potion            |     2 |       ||     2
       Scroll            |       |     6 ||     6
  Eat: Chunk             |     2 |       ||     2
       Beef jerky        |       |     1 ||     1
